 Dungeon Crawl Stone Soup version 0.29.1-13-g9f3cf754e1 (webtiles) character file.

Game seed: 8147846466250978523

301 Saba the Shooter (level 6, -14/39 HPs)
             Began as a Gargoyle Hunter on Feb 4, 2023.
             Demolished by an ogre
             ... wielding a +0 giant spiked club
              (21 damage)
             ... on level 3 of the Dungeon.
             The game lasted 00:03:26 (3015 turns).

Saba the Shooter (Gargoyle Hunter)                  Turns: 3015, Time: 00:03:26

Health: -14/39     AC: 14    Str: 15    XL:     6   Next: 37%
Magic:  6/6        EV:  9    Int:  9    God:
Gold:   114        SH:  0    Dex: 15    Spells: 5/5 levels left

rFire   . . .      SeeInvis .   a - +0 shortbow
rCold   . . .      Faith    .   (shield currently unavailable)
rNeg    + . .      Spirit   .   o - +0 scale mail
rPois   ∞          Reflect  .   (no helmet)
rElec   +          Harm     .   (no cloak)
rCorr   .          Rampage  .   (no gloves)
Will    +....                   (no boots)
Stlth   ..........              (no amulet)
HPRegen 0.13/turn               i - +4 ring of protection
MPRegen 0.10/turn               d - ring of willpower

@: no status effects
A: sickness immunity, AC +4, negative energy resistance 1, electricity
resistance, torment resistance 1, petrification resistance
a: no special abilities


You were on level 3 of the Dungeon.
You visited 1 branch of the dungeon, and saw 4 of its levels.

You collected 114 gold pieces.

Inventory:

Hand Weapons
 a - a +0 shortbow (weapon)
 m - a +2 mace of holy wrath
Armour
 o - a +0 scale mail (worn)
Jewellery
 d - a ring of willpower (right hand)
 i - a +4 ring of protection (left hand)
 k - a ring of protection from cold
 q - an amulet of the acrobat
Scrolls
 b - a scroll of immolation
 c - a scroll of fear {unknown}
 f - a scroll of enchant armour {unknown}
 g - 2 scrolls of poison {unknown}
 h - 5 scrolls of noise {unknown}
 j - 6 scrolls of identify {unknown}
 l - 2 scrolls of teleportation {unknown}
 n - a scroll of blinking {unknown}
Potions
 e - 4 potions of curing {unknown}
 p - a potion of mutation {unknown}


   Skills:
 + Level 4.4 Fighting
 * Level 6.5 Ranged Weapons
 - Level 1.5 Dodging
 - Level 1.1 Stealth


You had 5 spell levels left.
You didn't know any spells.
Your spell library contained the following spells:

 Spells                   Type           Power      Damage    Failure   Level
 Necrotise                Necr           0%         1d4       86%         1
 Slow                     Hex            0%         N/A       86%         1
 Confusing Touch          Hex            0%         N/A       99%         3
 Vampiric Draining        Necr           0%         2d6       99%         3
 Agony                    Necr           0%         N/A       100%        5


Dungeon Overview and Level Annotations

Branches:
Dungeon (4/15)
 Temple: D:4-7

Altars:

Shops:
D:1 ?   D:3 **


Innate Abilities, Weirdness & Mutations

You are immune to sickness and miasma.
Your stone body is resilient. (AC +4)
You are immune to poison.
You resist negative energy. (rN+)
You are resistant to electric shocks. (rElec)
You are resistant to unholy torment.
You are immune to petrification.


Message History

The arrow hits the adder!
You kill the adder!
You shoot an arrow. The arrow hits the ball python!
You kill the ball python!
An ogre comes into view. It is wielding a +0 giant spiked club.
You shoot an arrow. The arrow barely misses the ogre.
The ogre shouts!
You hear a shout!
You shoot an arrow. The arrow hits the ogre.
The ogre is lightly wounded.
You shoot an arrow. The arrow barely misses the ogre.
You shoot an arrow. The arrow hits the ogre.
The ogre is moderately wounded.
You shoot an arrow. The arrow completely misses the ogre.
The ogre hits you with a +0 giant spiked club!!
You shoot an arrow. The arrow hits the ogre.
The ogre is moderately wounded.
You shoot an arrow. The arrow barely misses the ogre.
The ogre closely misses you.
You shoot an arrow. The arrow hits the ogre.
The ogre is heavily wounded.
The ogre hits you but does no damage.
You shoot an arrow. The arrow barely misses the ogre.
The ogre barely misses you.
You shoot an arrow. The arrow hits the ogre.
The ogre is heavily wounded.
The ogre hits you with a +0 giant spiked club!
* * * LOW HITPOINT WARNING * * *
You are too injured to fight recklessly!
You are too injured to fight recklessly!
You are too injured to fight recklessly!
The ogre closely misses you.
There is a stone staircase leading up here.
You climb upwards.
There is a stone staircase leading down here.
The ogre hits you with a +0 giant spiked club.
* * * LOW HITPOINT WARNING * * *
The ogre attacks as you move away!
The ogre hits you with a +0 giant spiked club!!
Ouch! That really hurt!
You die...

### ### ### ####
####.#######.####.###########..#
................#.##...........#
####.#######.####.###########..#
............># #.# #########..#
##.#.#######.####.###..........##
#.#.#####.......................
#.#...........O@..............##
#.#.#####.#.####.#..............
#.#+#####.#.#.................##
#.........#.#......#.#.#.##....)
#.........#.#......#.....##...##
#.........#.#......#.#..........
#.#######.#.#........#...##...##
#.........#.#..#.#.#............
##########.#.#............##.....


You could see an ogre.

Vanquished Creatures
  A water moccasin (D:3)
  A necrophage (D:3)
  7 adders
  2 worms
  7 orcs (D:3)
  2 bats
  5 endoplasms
  3 giant cockroaches
  9 hobgoblins
  2 jackals (D:2)
  2 quokkas
  3 ball pythons
  7 goblins
  4 kobolds
  5 rats
60 creatures vanquished.

Notes
Turn   | Place    | Note
-------+----------+-------------------------------------------
     0 | D:1      | Saba the Gargoyle Hunter began the quest for the Orb.
     0 | D:1      | Reached XP level 1. HP: 12/12 MP: 1/1
   306 | D:1      | Found Ysen's Magic Scroll Shoppe.
   325 | D:1      | Reached XP level 2. HP: 18/18 MP: 2/2
   512 | D:1      | You fall into a shaft and drop 1 floor!
  1063 | D:2      | Reached XP level 3. HP: 17/22 MP: 3/3
  1151 | D:2      | Found a faded altar of an unknown god.
  1244 | D:2      | Reached skill level 5 in Ranged Weapons
  1320 | D:2      | Reached XP level 4. HP: 18/28 MP: 4/4
  1840 | D:3      | Found Ejeuv's Assorted Antiques.
  1885 | D:3      | Found Xupham's Assorted Antiques.
  1887 | D:3      | Noticed a necrophage
  1897 | D:3      | Killed a necrophage
  1898 | D:3      | Reached XP level 5. HP: 26/33 MP: 5/5
  2078 | D:3      | Noticed a water moccasin
  2085 | D:3      | Killed a water moccasin
  2086 | D:3      | Reached skill level 6 in Ranged Weapons
  2086 | D:3      | Reached XP level 6. HP: 38/38 MP: 6/6
  3015 | D:3      | Demolished by an ogre

Illustrated notes

Levels and vault maps discovered:
D:1:      dpeg_arrival_water_temple_mockup, layout_basic, serial_shops,
          shop_scrolls, minmay_octomino_e4
D:2:      layout_basic, ebering_ecumenical_altar_hall,
          chequers_serial_rivers_room_b, ebering_dispersal_statue_hall,
          grunt_ministairs_6
D:3:      layout_basic, serial_shops, shop, nicolae_shop_crystal,
          kennysheep_generic_room_3
D:4:      layout_basic, uniq_grinder, uniq_pikel

Skill      XL: |  1  2  3  4  5 |
---------------+----------------+-----
Fighting       | 3 4 |  4.4
Ranged Weapons | 5 6 |  6.5
Dodging        | |  1.5
Stealth        | |  1.1

Action                   |  1- 3 |  4- 6 || total
-------------------------+-------+-------++-------
 Fire: Shortbow          |    80 |   122 ||   202
Armor: Leather armour    |    12 |    10 ||    22
       Scale mail        |       |    24 ||    24
Dodge: Dodged            |    33 |    38 ||    71
